 Dungeon Sprint DCSS version 0.27.1-1-g398f81649c (webtiles) character file.

Game seed: 12578657706530257276

4499 styxcanada the Imperceptible (level 10, -3/53 HPs)
             Began as a Spriggan Brigand on Sept 15, 2021.
             Was an Initiate of Gozag.
             Slain by a spriggan rider (9 damage)
             ... in the Dungeon (Sprint IV: "Fedhas' Mad Dash").
             The game lasted 00:09:22 (1344 turns).

styxcanada the Imperceptible (Spriggan Brigand)     Turns: 1344, Time: 00:09:23

Health: -3/53      AC:  4    Str:  7    XL:     10   Next: 16%
Magic:  17/19      EV: 25    Int: 13    God:    Gozag
Gold:   1242       SH:  0    Dex: 20    Spells: 13/20 levels left

rFire    + . .     SeeInvis +   a - +2 dagger (elec)
rCold    x . .     Faith    .   (shield restricted)
rNeg     + . .     Spirit   .   b - +0 robe
rPois    .         Reflect  .   (helmet restricted)
rElec    .         Harm     .   c - +1 cloak
rCorr    .         Rampage  .   (gloves unavailable)
Will     +....     NoTele   +   (boots unavailable)
Stlth    +++++++++.             j - amulet of invisibility {+Inv}
HPRegen  0.17/turn              s - ring of positive energy
MPRegen  0.16/turn              m - ring of fire

@: very slightly contaminated, very quick
A: very small, no large weapons, unfitting armour, see invisible, speed 3
a: Renounce Religion, Evoke Invisibility, Potion Petition, Call Merchant, Bribe
Branch


You were in the Dungeon.
You worshipped Gozag.
Gozag was most pleased with you.
You visited 1 branch You collected 2048 gold pieces.
You spent 806 gold pieces at shops.

Inventory:

Hand Weapons
 a - a +2 dagger of electrocution (weapon)
 u - the +1 hunting sling "Toegewk" {flame, Will+ SInv}
   (You found it in the Dungeon)

   Any ammunition fired from it burns those it strikes, dealing additional fire
   damage.
   SInv:      It lets you see invisible.
   Will:      It increases your willpower.
Missiles
 d - 2 poisoned darts (quivered)
 e - 2 curare-tipped darts
 v - 8 stones
Armour
 b - a +0 robe (worn)
 c - a +1 cloak (worn)
Jewellery
 j - the amulet of invisibility (around neck) {+Inv}
   (You found it in the Dungeon)

   [amulet of nothing]

   +Inv:      It lets you turn invisible.
 m - a ring of fire (right hand)
 s - a ring of positive energy (left hand)
Wands
 p - a wand of digging (6)
Scrolls
 k - a scroll of blinking
 l - 2 scrolls of magic mapping
Potions
 f - a potion of curing
 h - a potion of haste
 i - 3 potions of magic
 o - a potion of invisibility
 r - a potion of mutation {unknown}
 t - a potion of ambrosia {unknown}


   Skills:
 * Level 6.4 Fighting
 + Level 6.7 Short Blades
 + Level 3.3 Throwing
 * Level 10.5 Dodging
 * Level 24.1 Stealth
 * Level 5.6 Spellcasting
 * Level 5.5 Hexes
 * Level 1.4 Air Magic
 * Level 1.5 Poison Magic
 * Level 10.1 Evocations


You had 13 spell levels left.
You knew the following spells:

 Your Spells              Type           Power      Damage    Failure   Level
a - Slow                  Hex            18%        N/A       2%          2
b - Confusing Touch       Hex            18%        N/A       5%          3
c - Poisonous Vapours     Pois/Air       14%        N/A       14%         2

Your spell library contained the following spells:

 Spells                   Type           Power      Damage    Failure   Level
 Corpse Rot               Necr/Air       N/A        N/A       21%         2
 Yara's Violent Unravell  Hex/Tmut       5%         3d4       83%         5
 Borgnjor's Vile Clutch   Necr/Erth      1%         N/A       99%         5
 Freezing Cloud           Conj/Ice/Air   2%         6-21      99%         5
 Starburst                Conj/Fire      2%         6d3       100%        6
 Lehudib's Crystal Spear  Conj/Erth      1%         10d2      100%        8


Dungeon Overview and Level Annotations

Branches:
Dungeon (1/1)

Altars:
Cheibriados
Dithmenos
Elyvilon
Gozag
Hepliaklqana
Kikubaaqudgha
Makhleb
Nemelex Xobeh
Okawaru
Qazlal
Ru
Sif Muna
Trog
Uskayaw
Vehumet
Wu Jian
Xom
Yredelemnul
Zin
The Shining One
Beogh
Jiyva
Lugonu

Shops:
D **:*[


Innate Abilities, Weirdness & Mutations

You are very small and have problems with some larger weapons.
You are too small for most types of armour.
You have supernaturally acute eyesight. (SInv)
You cover ground extremely quickly. (Speed+++)


Message History

Press: ? - help, Dir - move target
As you read the scroll of blinking, it crumbles to dust.
Throw: 7 darts (poison)
Press: ? - help, Q - select action, (/) - cycle Shift-Dir - straight line, f - spriggan
Aim: a spriggan, wielding a +0 dagger and wearing a +0 robe (chance to confuse on hit: 17%, 42% to hit)
You throw a poisoned dart. The poisoned dart misses the spriggan.
The poisoned dart hits the spriggan rider.
The spriggan rider is poisoned.
Throw: 6 darts (poison)
Press: ? - help, Q - select action, (/) - cycle Shift-Dir - straight line, f/p - spriggan
Aim: a spriggan, wielding a +0 dagger and wearing a +0 robe (chance to confuse on hit: 17%, 42% to hit)
You throw a poisoned dart.
The poisoned dart barely misses the spriggan.
The poisoned dart hits the spriggan rider.
The spriggan rider looks even sicker.
Throw: 5 darts (poison)
Press: ? - help, Q - select action, (/) - cycle Shift-Dir - straight line, f/p - spriggan
Aim: a spriggan, wielding a +0 dagger and wearing a +0 robe (chance to confuse on hit: 17%, 42% to hit)
You throw a poisoned dart. The poisoned dart hits the spriggan.
The spriggan is poisoned.
You flicker back into view.
Your hands stop glowing.
Throw: 4 darts (poison)
Press: ? - help, Q - select action, (/) - cycle Shift-Dir - straight line, f/p - spriggan
Aim: a spriggan, wielding a +0 dagger and wearing a +0 robe (poisoned, 42% to hit)
You throw a poisoned dart. The poisoned dart misses the spriggan.
The poisoned dart hits the spriggan rider.
The spriggan rider looks even sicker.
The spriggan rider is lightly wounded.
The spriggan completely misses you.
There is an open door here.
Throw: 3 darts (poison)
Press: ? - help, Q - select action, (/) - cycle Shift-Dir - straight line, f - spriggan rider, p - spriggan
Aim: a spriggan rider, wielding a +0 spear (lightly wounded, very poisoned, 42% to hit)
You throw a poisoned dart.
The poisoned dart hits the spriggan rider.
The spriggan rider looks as sick as possible!
The spriggan rider is lightly wounded.
The spriggan rider hits you from afar with a +0 spear!
You die...
Your body crumbles into a pile of gold.

################################*
..#.⌠._._._._.⌠.#..'.))#....##∩#*
[.'.._._._._._..'..#...#....'..#*
..#..._._._._...#..###'##...##∩#$
'##.._._._._._..#..##∩∩.'...####*
..#._._._._._.⌠.#################
..###################......###...
###♣♣♣♣♣..♣.###.@.ii(..(([i'i'...
['......♣..♣##..#.i#.P.....######
.#♣..♣♣♣.♣).###.##+##.P....#
.#.♣♣..♣...♣'...#*,*########
###*#############,,,,,****
,,,,,,,,* ***,,*,,*,,,,***
,,,,,,,,*****,,,*,,,,,,*,,,****
,,,,,,,,,,,,,,,,,*,,,,,∩,∩,,,,*
,,,,,,,,,,*********************


You could see a spriggan rider (extremely poisoned) and 2 spriggans.

Vanquished Creatures
  A spriggan druid (D)
  6 oklob plants (D)
  A queen bee (D)
  3 burning bushes (D)
  3 wandering mushrooms (D)
  3 scorpions (D)
  4 killer bees (D)
  5 oklob saplings (D)
  2 spriggans (D)
  A river rat (D)
  A rat (D)
  A ballistomycete spore (D)
31 creatures vanquished.

Notes
Turn   | Place    | Note
-------+----------+-------------------------------------------
     0 | D        | styxcanada the Spriggan Brigand began the quest for the
                  | Orb.
     0 | D        | Reached XP level 1. HP: 10/10 MP: 2/2
     9 | D        | Reached skill level 8 in Stealth
     9 | D        | Reached XP level 2. HP: 15/15 MP: 3/3
    19 | D        | Noticed an oklob sapling
    23 | D        | Killed an oklob sapling
    24 | D        | Reached skill level 10 in Stealth
    24 | D        | Reached XP level 3. HP: 18/18 MP: 4/4
   158 | D        | Noticed a scorpion
   158 | D        | Found the amulet of invisibility {+Inv}
   160 | D        | Killed a scorpion
   161 | D        | Reached skill level 12 in Stealth
   161 | D        | Reached XP level 4. HP: 23/23 MP: 5/5
   183 | D        | Found an opulent altar of Gozag.
   183 | D        | Found a hazy altar of Hepliaklqana.
   183 | D        | Found a burning altar of Makhleb.
   183 | D        | Found a sparkling altar of Nemelex Xobeh.
   183 | D        | Found a snail-covered altar of Cheibriados.
   183 | D        | Found a sacrificial altar of Ru.
   183 | D        | Found a shimmering blue altar of Sif Muna.
   183 | D        | Found a shimmering altar of Xom.
   183 | D        | Found a basalt altar of Yredelemnul.
   184 | D        | Found a viscous altar of Jiyva.
   184 | D        | Found a bloodstained altar of Trog.
   184 | D        | Found an ornate altar of the Wu Jian Council.
   185 | D        | Found an iron altar of Okawaru.
   185 | D        | Found a shadowy altar of Dithmenos.
   185 | D        | Found a glowing silver altar of Zin.
   186 | D        | Found an ancient bone altar of Kikubaaqudgha.
   186 | D        | Found a hide-covered altar of Uskayaw.
   187 | D        | Found a stormy altar of Qazlal.
   187 | D        | Found a white marble altar of Elyvilon.
   187 | D        | Found a glowing golden altar of the Shining One.
   188 | D        | Became a worshipper of Gozag Ym Sagoz the Greedy
   189 | D        | Found a corrupted altar of Lugonu.
   189 | D        | Found a radiant altar of Vehumet.
   193 | D        | Reached skill level 13 in Stealth
   193 | D        | Reached XP level 5. HP: 28/28 MP: 3/6
   205 | D        | Reached skill level 5 in Dodging
   205 | D        | Reached skill level 14 in Stealth
   205 | D        | Reached skill level 1 in Evocations
   249 | D        | Reached skill level 15 in Stealth
   251 | D        | Reached XP level 6. HP: 32/32 MP: 4/7
   266 | D        | Found Dittypun's Assorted Antiques.
   266 | D        | Found Rugg's Assorted Antiques.
   272 | D        | Bought a scroll labelled MEJISK NAOJ for 26 gold pieces
   272 | D        | Bought a scroll labelled MEIRGH EPPAPOC for 26 gold pieces
   272 | D        | Bought a dark potion for 23 gold pieces
   273 | D        | Bought a scroll labelled BUOFIH QEDE for 26 gold pieces
   273 | D        | Bought an encrusted wooden ring for 130 gold pieces
   273 | D        | Bought a fuming white potion for 23 gold pieces
   273 | D        | Bought a scroll labelled RUNUZXOITA for 26 gold pieces
   312 | D        | Noticed a burning bush
   312 | D        | Noticed a wandering mushroom
   313 | D        | Noticed a wandering mushroom
   317 | D        | Killed a wandering mushroom
   318 | D        | Reached skill level 5 in Short Blades
   318 | D        | Reached skill level 17 in Stealth
   318 | D        | Killed a wandering mushroom
   319 | D        | Reached skill level 18 in Stealth
   319 | D        | Reached XP level 7. HP: 38/38 MP: 5/8
   321 | D        | Reached skill level 19 in Stealth
   333 | D        | Killed a burning bush
   349 | D        | Found Xafel's Assorted Antiques.
   349 | D        | Found Tumagaca's Book Shoppe.
   356 | D        | Bought a book of Misfortune for 364 gold pieces
   359 | D        | Learned a level 2 spell: Slow
   363 | D        | Learned a level 3 spell: Confusing Touch
   582 | D        | Reached XP level 8. HP: 42/42 MP: 6/9
   588 | D        | Noticed a queen bee
   595 | D        | Killed a queen bee
   596 | D        | Reached skill level 5 in Fighting
   596 | D        | Reached skill level 20 in Stealth
   596 | D        | Reached skill level 1 in Spellcasting
   596 | D        | Reached skill level 1 in Hexes
   596 | D        | Reached skill level 5 in Evocations
   655 | D        | Noticed an oklob plant
   658 | D        | Killed an oklob plant
   659 | D        | Reached skill level 21 in Stealth
   670 | D        | Noticed a burning bush
   673 | D        | Killed a burning bush
   674 | D        | Reached XP level 9. HP: 47/47 MP: 11/15
   677 | D        | Got the Guide on Ashen Fire
   743 | D        | Bought a scroll of identify for 42 gold pieces
   743 | D        | Bought a metallic cyan potion for 18 gold pieces
   743 | D        | Bought a sharpened fluorescent wand for 84 gold pieces
   743 | D        | Bought a lumpy dark potion for 18 gold pieces
   785 | D        | Noticed a burning bush
   785 | D        | Noticed an oklob plant
   786 | D        | Noticed a wandering mushroom
   787 | D        | Killed a burning bush
   788 | D        | Reached skill level 22 in Stealth
   792 | D        | Killed an oklob plant
   797 | D        | Killed a wandering mushroom
   800 | D        | Identified the +2 pair of gloves "Last" {rPois rC++ Will-
                  | Regen+}
   861 | D        | Noticed a spriggan druid
   863 | D        | Killed a spriggan druid
   864 | D        | Reached skill level 10 in Dodging
   864 | D        | Reached skill level 23 in Stealth
   919 | D        | Noticed an oklob plant conjurer
   920 | D        | Killed an oklob plant conjurer
   921 | D        | Reached skill level 5 in Spellcasting
   921 | D        | Reached skill level 5 in Hexes
   974 | D        | Identified the +1 hunting sling "Toegewk" {flame, Will+
                  | SInv}
   997 | D        | Learned a level 2 spell: Poisonous Vapours
   998 | D        | Noticed an oklob plant
   998 | D        | Noticed an oklob plant summoner
   999 | D        | Noticed an oklob plant shifter
  1003 | D        | Killed an oklob plant
  1004 | D        | Reached XP level 10. HP: 53/53 MP: 15/19
  1005 | D        | Killed an oklob plant summoner
  1006 | D        | Reached skill level 1 in Air Magic
  1006 | D        | Reached skill level 1 in Poison Magic
  1008 | D        | Killed an oklob plant shifter
  1009 | D        | Reached skill level 24 in Stealth
  1009 | D        | Reached skill level 10 in Evocations
  1320 | D        | Noticed a spriggan rider
  1321 | D        | Found Oxkiomef's Armour Emporium.
  1344 | D        | Slain by a spriggan rider

Illustrated notes

Levels and vault maps discovered:
D:        dungeon_sprint_fedhas [sprint_temple]

Skill      XL: |  1  2  3  4  5  6  7  8  9 10 |
---------------+-------------------------------+-----
Dodging        | 2 3 4 6 7 8 9 10 | 10.5
Stealth        | 8 10 12 13 15 18 19 21 23 24 | 24.1
Fighting       | 2 3 4 5 6 |  6.4
Short Blades   | 3 4 5 6 |  6.7
Evocations     | 1 3 4 7 9 10 | 10.1
Throwing       | 3 |  3.3
Spellcasting   | 3 5 |  5.6
Hexes          | 3 5 |  5.5
Air Magic      | 1 |  1.4
Poison Magic   | 1 |  1.5

Action                   |  1- 3 |  4- 6 |  7- 9 | 10-12 || total
-------------------------+-------+-------+-------+-------++-------
Melee: Dagger            |     7 |     8 |    29 |    18 ||    62
Throw: Dart              |       |       |       |    10 ||    10
 Cast: Slow              |       |       |       |     2 ||     2
       Confusing Touch   |       |       |       |     2 ||     2
 Abil: Evoke Invisibilit |       |     3 |     6 |     1 ||    10
  Use: Potion            |     1 |       |     1 |     1 ||     3
       Scroll            |       |     6 |     1 |     2 ||     9
 Stab: Sleeping          |     2 |     7 |    16 |     2 ||    27
       Invisible         |       |       |     1 |       ||     1
Armor: Robe              |     1 |       |       |     2 ||     3
Dodge: Dodged            |     3 |       |     4 |    27 ||    34
